 Dungeon Crawl Stone Soup version 0.20-a0-947-g2784f4f (webtiles) character file.

146 Klosterheim the Chopper (level 5, -1/43 HPs)
             Began as a Formicid Fighter on Apr 2, 2017.
             Slain by an orc priest
             ... wielding a +0 flail
              (7 damage)
             ... on level 3 of the Dungeon.
             The game lasted 00:03:33 (2338 turns).

Klosterheim the Chopper (Formicid Fighter)          Turns: 2338, Time: 00:03:33

Health: -1/43      AC:  9    Str: 21    XL:     5   Next: 53%
Magic:  5/5        EV:  5    Int:  8    God:
Gold:   69         SH:  9    Dex: 10    Spells: 4/4 levels left

rFire    . . .     SeeInvis +   t - +0 battleaxe
rCold    . . .     Gourm    .   c - +0 shield
rNeg     . . .     Faith    .   q - +0 chain mail
rPois    .         Spirit   .   (helmet unavailable)
rElec    .         Reflect  .   (no cloak)
rCorr    .         Harm     .   (no gloves)
MR       .....                  (no boots)
Stlth    ..........             (no amulet)
Regen    0.2/turn               (no ring)
MPRegen  0.1/turn               (no ring)

@: no status effects
A: permanent stasis, dig shafts and tunnels, four strong arms, antennae 3
a: Dig, Shaft Self


You were on level 3 of the Dungeon.
You were not hungry.

You visited 1 branch of the dungeon, and saw 3 of its levels.

You collected 69 gold pieces.

Inventory:

Hand Weapons
 t - a +0 battleaxe (weapon)
Armour
 c - a +0 shield (worn)
 q - a +0 chain mail (worn)
Scrolls
 b - a scroll of amnesia {unknown}
 i - 5 scrolls of identify
 j - a scroll of teleportation
 k - 3 scrolls of remove curse {unknown}
 m - a scroll of fear {unknown}
 s - a scroll of enchant armour {unknown}
Potions
 a - a potion of invisibility {unknown}
 d - 3 potions of might
 e - 2 potions of heal wounds {unknown}
 g - a potion of flight {unknown}
 l - 2 potions of ambrosia {unknown}
 p - a potion of curing
Comestibles
 f - 2 bread rations
 h - 5 fruits
 n - 9 chunks of flesh
 o - a meat ration
 r - a royal jelly


   Skills:
 + Level 4.4 Fighting
 * Level 4.5 Axes
 - Level 3.2 Armour
 - Level 3.6 Shields


You had 4 spell levels left.
You didn't know any spells.

Dungeon Overview and Level Annotations

Branches:
Dungeon (3/15)

Altars:
Cheibriados
Nemelex Xobeh


Innate Abilities, Weirdness & Mutations

You cannot be hasted, slowed, berserked, paralysed or teleported.
You can dig through walls and to a lower floor.
Your four strong arms can wield two-handed weapons with a shield.
You have a pair of large antennae on your head. (SInv)


Message History

The orc priest hits you with a club.
You hit the orc priest.
You kill the orc priest!
You closely miss the orc. You slash the rat!
You kill the rat!
You slash the orc!
You kill the orc!
The orc barely misses you. The orc hits you but does no damage.
Your shield and chain mail prevent you from hitting the orc priest.
You slash the orc!
You kill the orc!
You block the orc priest's attack. The orc priest hits you with a flail.
Your shield and chain mail prevent you from hitting the orc priest.
The orc priest calls down the wrath of Beogh upon you.
Beogh smites you!
* * * LOW HITPOINT WARNING * * *
You slash the orc priest!
The orc priest is almost dead.
The orc priest hits you with a flail!
You die...

.......>................
...............###......
...............# ######
.....####......## .
..... #.......## . .....
#.........
.....#####.#######
...........#
......o@...#
......))...#
.....####### .... ..) ..
.


You could see an orc priest.

Vanquished Creatures
  An orc priest (D:3)
  4 adders
  A worm (D:2)
  3 dart slugs
  2 leopard geckos
  2 orcs (D:3)
  2 giant cockroaches
  5 goblins
  10 hobgoblins
  2 jackals (D:3)
  10 kobolds
  A quokka (D:2)
  2 ball pythons
  7 bats
  6 frilled lizards
  11 rats
69 creatures vanquished.

Notes
Turn   | Place    | Note
-------+----------+-------------------------------------------
     0 | D:1      | Klosterheim the Formicid Fighter began the quest for the Orb.
     0 | D:1      | Reached XP level 1. HP: 18/18 MP: 1/1
   230 | D:1      | Reached XP level 2. HP: 24/24 MP: 2/2
   507 | D:1      | Reached XP level 3. HP: 30/30 MP: 3/3
  1348 | D:2      | Found a sparkling altar of Nemelex Xobeh.
  1373 | D:2      | Reached XP level 4. HP: 21/37 MP: 4/4
  1545 | D:2      | Found a snail-covered altar of Cheibriados.
  2175 | D:3      | Reached XP level 5. HP: 33/42 MP: 5/5
  2338 | D:3      | Slain by an orc priest

Vault maps used:
D:1:      dpeg_arrival_round_c
D:2:      nemelex_xobeh_ov_fountains_minmay, cheibriados_altar_1, first_bread,
          minmay_tall_x
D:3:      okawaru_altar_gauntlet_db, overflow_temple_1_default

Skill      XL: |  1  2  3  4 |
---------------+-------------+-----
Axes           | 3 4 |  4.5
Fighting       | 4 |  4.4
Armour         | |  3.2
Shields        | |  3.6

Action                   |  1- 3 |  4- 6 || total
-------------------------+-------+-------++-------
Melee: War axe           |   125 |    11 ||   136
       Battleaxe         |       |   148 ||   148
  Use: Potion            |       |     2 ||     2
       Scroll            |       |     1 ||     1
  Eat: Chunk             |     2 |     3 ||     5
Armor: Scale mail        |    39 |       ||    39
       Chain mail        |    11 |   128 ||   139
Dodge: Dodged            |    32 |    49 ||    81
Block: Shield            |    57 |   128 ||   185
